 Dungeon Crawl Stone Soup version 0.27-a0-1180-g7fc4abc71e (webtiles) character file.

Game seed: 9188630487788039192

13470 Froggeryz the Grappler (level 11, -4/95 HPs)
             Began as a Demonspawn Chaos Knight on May 17, 2021.
             Was a High Priest of Okawaru.
             Slain by a skeletal warrior
             ... wielding a +0 battleaxe
             ... led by a death knight
              (27 damage)
             ... on level 11 of the Dungeon.
             The game lasted 00:14:16 (11447 turns).

Froggeryz the Grappler (Demonspawn Chaos Knight)   Turns: 11447, Time: 00:14:16

Health: -4/95      AC: 13    Str: 16    XL:     11   Next: 76%
Magic:  11/11      EV: 11    Int: 13    God:    Okawaru [*****.]
Gold:   899        SH:  0    Dex: 21    Spells: 10/10 levels left

rFire    . . .     SeeInvis +     - Unarmed
rCold    + . .     Faith    .   (no shield)
rNeg     . . .     Spirit   .   n - +1 ring mail {rC+}
rPois    .         Reflect  .   (no helmet)
rElec    .         Harm     .   H - +2 cloak
rCorr    .         Rampage  .   (no gloves)
Will     .....     Clarity  +   b - +1 pair of boots
Stlth    +.........             E - amulet of regeneration
HPRegen  1.25/turn              c - +6 ring of dexterity
MPRegen  0.12/turn              (no ring)

@: spiked, hasted, studying Axes, very quick
A: claws 2, ignite blood 2, spiny 2, sturdy frame 1, see invisible, agile 1,
clarity, screaming 1, shaggy fur 1
a: Renounce Religion, Heroism, Finesse


You were on level 11 of the Dungeon.
You worshipped Okawaru.
Okawaru was extremely pleased with you.
You visited 1 branch of the dungeon, and saw 11 of its levels.
You also visited: Bailey.

You collected 989 gold pieces.
You spent 90 gold pieces at shops.

Inventory:

Missiles
 y - 3 javelins (quivered)
 z - 16 curare-tipped darts
 D - 2 boomerangs of dispersal
Armour
 b - a +1 pair of boots (worn)
 n - a +1 ring mail of cold resistance (worn)
 H - a +2 cloak (worn)
Jewellery
 c - a +6 ring of dexterity (left claw)
 w - an amulet of reflection
 B - a ring of fire
 E - an amulet of regeneration (around neck)
 J - a ring of willpower
Wands
 e - a wand of digging (5)
 C - a wand of flame (21)
 G - a wand of polymorph (8)
 I - a wand of mindburst (14)
 K - a wand of acid (7)
Scrolls
 d - 4 scrolls of fog
 g - 2 scrolls of immolation
 h - a scroll of magic mapping
 i - a scroll of enchant armour
 p - 2 scrolls of enchant weapon
 q - 6 scrolls of identify
 r - 2 scrolls of teleportation
 s - a scroll of amnesia
 t - a scroll of torment {unknown}
 v - 2 scrolls of fear {unknown}
Potions
 a - 2 potions of lignification
 f - a potion of cancellation
 j - 2 potions of brilliance {unknown}
 k - a potion of curing
 l - 2 potions of ambrosia {unknown}
 m - 3 potions of flight
 o - a potion of magic
 u - a potion of invisibility {unknown}
 x - 3 potions of degeneration {unknown}
 A - 3 potions of haste


   Skills:
 - Level 12.0 Fighting
 - Level 3.3 Axes
 + Level 3.6 Armour
 - Level 0.8 Dodging
 + Level 12.9 Unarmed Combat


You had 10 spell levels left.
You didn't know any spells.
Your spell library contained the following spells:

 Spells                   Type           Power      Damage    Failure   Level
 Animate Skeleton         Necr           0%         N/A       38%         1
 Apportation              Tloc           0%         N/A       38%         1
 Corona                   Hex            0%         N/A       38%         1
 Magic Dart               Conj           0%         1d3       38%         1
 Sandblast                Erth           0%         2d4       38%         1
 Shock                    Conj/Air       0%         1d3       38%         1
 Summon Small Mammal      Summ           0%         N/A       38%         1
 Blink                    Tloc           N/A        N/A       54%         2
 Call Imp                 Summ           0%         N/A       54%         2
 Passwall                 Tmut/Erth      0%         N/A       54%         2
 Slow                     Hex            0%         N/A       54%         2
 Static Discharge         Conj/Air       0%         N/A       54%         2
 Call Canine Familiar     Summ           0%         N/A       77%         3
 Confusing Touch          Hex            0%         N/A       77%         3
 Conjure Flame            Conj/Fire      0%         6-21      77%         3
 Gell's Gravitas          Tloc           0%         N/A       77%         3
 Inner Flame              Hex/Fire       0%         N/A       77%         3
 Mephitic Cloud           Conj/Pois/Air  0%         N/A       77%         3
 Portal Projectile        Hex/Tloc       0%         N/A       77%         3
 Stone Arrow              Conj/Erth      0%         3d7       77%         3
 Summon Guardian Golem    Hex/Summ       0%         N/A       77%         3
 Swiftness                Air            0%         N/A       77%         3
 Airstrike                Air            0%         N/A       99%         4
 Cause Fear               Hex            0%         N/A       99%         4
 Leda's Liquefaction      Hex/Erth       0%         N/A       99%         4
 Petrify                  Tmut/Erth      0%         N/A       99%         4
 Summon Ice Beast         Ice/Summ       0%         N/A       99%         4
 Summon Lightning Spire   Summ/Air       0%         N/A       99%         4
 Lee's Rapid Deconstruct  Erth           0%         3d5*      100%        5
 Lightning Bolt           Conj/Air       0%         1d11      100%        5
 Metabolic Englaciation   Hex/Ice        0%         N/A       100%        5
 Yara's Violent Unravell  Hex/Tmut       0%         3d3       100%        5


Dungeon Overview and Level Annotations

Branches:
Dungeon (11/15)            Temple (0/1) D:7            Lair (0/6) D:8
 Bailey (visited)
    Orc: D:9-12

Altars:
Fedhas
Okawaru

Shops:
D:2 =   D:3 *   D:8 [**=


Innate Abilities, Weirdness & Mutations

You have very sharp fingernails.
Your demonic aura often causes spilled blood to erupt in flames.
You are mostly covered in sharp spines.
Your movements are slightly less encumbered by armour. (ER -2)
You have supernaturally acute eyesight. (SInv)
You are agile. (Dex +2)
You possess an exceptional clarity of mind.
You occasionally shout uncontrollably at your foes.
You are covered in fur. (AC +1)


Message History

The deep elf pyromancer hits you but does no damage.
The skeletal warrior is engulfed in blazing flames.
The manticore flicks its tail.
The volley of spikes hits you!
The barbed spikes become lodged in your body.
* * * LOW HITPOINT WARNING * * *
Unknown command.
The barbs in your skin will harm you if you move.
Continue?
The barbed spikes dig painfully into your body as you move.
* * * LOW HITPOINT WARNING * * *
The barbed spikes dig painfully into your body as you move.
* * * LOW HITPOINT WARNING * * *
Found a stone staircase leading up.
You feel better.
The deep elf pyromancer mumbles some strange words.
It was a potion of haste.
You feel yourself speed up. The deep elf pyromancer misses you.
Okay, then.
Okay, then.
You mangle the deep elf pyromancer!!
The deep elf pyromancer is severely wounded.
The deep elf pyromancer is struck by your spines.
The deep elf pyromancer hits you with a +0 short sword.
* * * LOW HITPOINT WARNING * * *
You mangle the deep elf pyromancer!!
You kill the deep elf pyromancer!
Okawaru is honoured by your kill.
You barely miss the skeletal warrior.
The skeletal warrior is heavily damaged.
You completely miss the skeletal warrior.
The skeletal warrior is heavily damaged.
The skeletal warrior is struck by your spines.
The skeletal warrior hits you with a +0 battleaxe!
* * * LOW HITPOINT WARNING * * *
The manticore is engulfed in blazing flames.
You feel better.
You feel better.
The skeletal warrior is struck by your spines.
The skeletal warrior hits you with a +0 battleaxe!!
You die...

#.# #........(...
#.# ###..........#.
#o####............#
#zW.H.............#
######.z>....######
###o..### #W°☼#
##z########
#.@......<
##########


You could see 2 skeletal warriors, a freezing wraith and an orc warrior.

Vanquished Creatures
  4 two-headed ogres
  A deep elf pyromancer (D:11)
  An ugly thing (D:11)
  Maurice (D:9)
  An unseen horror (D:11)
  A komodo dragon (D:8)
  A wyvern (D:10)
  A wraith (D:10)
  31 yaks
  Menkaure (D:6)
  An acid dragon (D:9)
  2 water moccasins
  3 sky beasts
  11 orc warriors
  A black bear (D:5)
  A necrophage (D:5)
  2 ice beasts
  3 ogres
  3 centaurs
  3 kobold brigands
  A phantom (D:6)
  2 bullfrogs
  2 gnoll sergeants
  A wyvern zombie (D:8)
  4 wights (D:8)
  A howler monkey (D:11)
  2 centaur zombies (D:9)
  2 jellies
  2 gnoll shamans
  A bullfrog skeleton (D:4)
  2 hounds
  4 orc priests
  A centaur skeleton (D:5)
  2 iguanas
  8 orc wizards
  A howler monkey skeleton (D:7)
  5 adders
  17 gnolls
  A river rat (D:2)
  A shadow imp (D:7)
  A white imp (D:7)
  An ufetubus (D:4)
  A worm (D:3)
  A dart slug (D:4)
  56 orcs
  5 endoplasms
  2 giant cockroaches
  7 goblins
  3 hobgoblins
  A jackal (D:2)
  4 quokkas
  6 ball pythons
  4 bats
  23 kobolds
  2 rats (D:1)
250 creatures vanquished.

Vanquished Creatures (collateral kills)
  A gargoyle (D:5)
  A jackal (D:2)
2 creatures vanquished.

Vanquished Creatures (others)
  2 plants (D:8)
2 creatures vanquished.

Grand Total: 254 creatures vanquished

Notes
Turn   | Place    | Note
-------+----------+-------------------------------------------
     0 | D:1      | Froggeryz the Demonspawn Chaos Knight began the quest for
                  | the Orb.
     0 | D:1      | Reached XP level 1. HP: 18/18 MP: 1/1
   147 | D:1      | XOM: silly message
   151 | D:1      | XOM: enchant monster (bad)
   152 | D:1      | Found a faded altar of an unknown god.
   233 | D:1      | Gained mutation: You have sharp fingernails. [demonic
                  | ancestry]
   233 | D:1      | Reached XP level 2. HP: 24/24 MP: 2/2
   613 | D:2      | XOM: polymorph hobgoblin -> river rat
   620 | D:2      | Reached skill level 1 in Unarmed Combat
   623 | D:2      | XOM: enchant monster (good)
   628 | D:2      | Gained mutation: Your movements are slightly less
                  | encumbered by armour. (ER -2) [demonic ancestry]
   628 | D:2      | Reached XP level 3. HP: 15/29 MP: 3/3
   787 | D:2      | Found Toaj Vae's Jewellery Boutique.
  1029 | D:2      | XOM: 7-stop teleportation journey
  1143 | D:2      | XOM: give mutations
  1143 | D:2      | Gained mutation: Your body sometimes deteriorates upon
                  | taking damage. [Xom's mischief]
  1143 | D:2      | Gained mutation: You are dopey. (Int -2) [Xom's mischief]
  1163 | D:2      | XOM: polymorph jackal -> goblin
  1540 | D:3      | XOM: give mutations
  1540 | D:3      | Gained mutation: You are covered in fur. (AC +1) [Xom's
                  | grace]
  1540 | D:3      | Lost mutation: You are dopey. (Int -2) [Xom's grace]
  1540 | D:3      | Gained mutation: Your flesh is heat resistant. (rF+) [Xom's
                  | grace]
  1540 | D:3      | Gained mutation: You evolve. [Xom's grace]
  1581 | D:3      | XOM: fog
  1588 | D:3      | XOM: polymorph orc -> quokka
  1616 | D:3      | Found Iron's General Store.
  1955 | D:3      | Gained mutation: You are partially covered in sharp spines.
                  | [demonic ancestry]
  1955 | D:3      | Reached XP level 4. HP: 35/35 MP: 4/4
  1973 | D:3      | Lost mutation: Your body sometimes deteriorates upon taking
                  | damage. [evolution]
  2034 | D:3      | Bought a scroll of blinking for 90 gold pieces
  2269 | D:3      | XOM: god gift: staff of earth
  2368 | D:4      | XOM: 2-stop teleportation journey
  2507 | D:4      | Reached XP level 5. HP: 38/41 MP: 5/5
  2751 | D:5      | Entered Level 5 of the Dungeon
  3028 | D:5      | Noticed a black bear
  3034 | D:5      | Killed a black bear
  3035 | D:5      | Reached skill level 5 in Unarmed Combat
  3035 | D:5      | Gained mutation: You are mostly covered in sharp spines.
                  | [demonic ancestry]
  3035 | D:5      | Reached XP level 6. HP: 40/47 MP: 6/6
  3083 | D:5      | Noticed a water moccasin
  3089 | D:5      | XOM: summons 2 friendly demons
  3091 | D:5      | Noticed a gargoyle
  3094 | D:5      | Killed a water moccasin
  3100 | D:5      | XOM: summons friendly quasit
  3102 | D:5      | XOM: blink monster(s)
  3109 | D:5      | HP: 2/47 [something/magic dart (4)]
  3445 | D:5      | Gained mutation: Your demonic aura sometimes causes spilled
                  | blood to erupt in flames. [demonic ancestry]
  3445 | D:5      | Reached XP level 7. HP: 42/52 MP: 7/7
  3464 | D:5      | XOM: silly message
  3685 | D:5      | XOM: blink monster(s)
  3693 | D:5      | Killed a gargoyle
  3814 | D:5      | XOM: 5-stop teleportation journey
  3888 | D:5      | Reached XP level 8. HP: 60/60 MP: 8/8
  3993 | D:6      | XOM: silly message
  4121 | D:6      | Noticed Menkaure
  4134 | D:6      | XOM: confuse monster(s)
  4135 | D:6      | Killed Menkaure
  4185 | D:6      | XOM: noise
  4348 | D:6      | XOM: summons friendly iron imp
  4354 | D:6      | Reached skill level 5 in Fighting
  4385 | D:6      | XOM: stat loss: -1 Int (12/13)
  4519 | D:6      | Gained mutation: You have supernaturally acute eyesight.
                  | (SInv) [evolution]
  4598 | D:6      | XOM: noise
  4761 | D:6      | Found an iron altar of Okawaru.
  4793 | D:6      | Fell from the grace of Xom
  4793 | D:6      | Became a worshipper of Warmaster Okawaru
  5572 | D:6      | XOM: stat loss: -2 Dex (17/19)
  5825 | D:6      | XOM: summons 14 hostile demons
  5826 | D:6      | Noticed a sixfirhy
  5826 | D:6      | Noticed a soul eater
  5878 | D:7      | XOM: summons 4 hostile demons
  6002 | D:7      | Found a staircase to the Ecumenical Temple.
  6091 | D:7      | Gained mutation: Your demonic aura often causes spilled
                  | blood to erupt in flames. [demonic ancestry]
  6091 | D:7      | Reached XP level 9. HP: 64/71 MP: 9/9
  6470 | D:6      | XOM: summons 7 hostile demons
  6480 | D:7      | Reached * piety under Okawaru
  6490 | D:7      | Lost mutation: Your flesh is heat resistant. (rF+)
                  | [evolution]
  6490 | D:7      | Lost mutation: You evolve. [end of evolution]
  6960 | D:7      | Found a blossoming altar of Fedhas.
  7011 | D:8      | Found Eluushrikk's Assorted Antiques.
  7166 | D:8      | Found Wicekhl Rough's Jewellery Shoppe.
  7166 | D:8      | Found a staircase to the Lair.
  7166 | D:8      | XOM: 6-stop teleportation journey
  7167 | D:8      | Noticed a two-headed ogre
  7167 | D:8      | Noticed a komodo dragon
  7172 | D:8      | Killed a two-headed ogre
  7172 | D:8      | Reached ** piety under Okawaru
  7173 | D:8      | Reached skill level 10 in Unarmed Combat
  7180 | D:8      | Killed a komodo dragon
  7187 | D:8      | Reached XP level 10. HP: 79/83 MP: 10/10
  7408 | D:8      | XOM: enchant monster (bad)
  7636 | D:8      | Found Odaunim's Armour Boutique.
  7828 | D:8      | Found Maxti's General Store.
  7885 | D:8      | Reached *** piety under Okawaru
  8211 | D:9      | Noticed a two-headed ogre
  8528 | D:9      | XOM: noise
  8538 | D:9      | Found a flagged portal.
  8543 | Bailey   | Entered a bailey
  8559 | Bailey   | Found a bloodstained altar of Trog.
  8559 | Bailey   | XOM: 1-stop teleportation journey
  8579 | Bailey   | Reached skill level 10 in Fighting
  9020 | D:9      | Killed a two-headed ogre
  9020 | D:9      | Reached **** piety under Okawaru
  9592 | D:9      | XOM: noise
  9710 | D:9      | Gained mutation: You have very sharp fingernails. [demonic
                  | ancestry]
  9710 | D:9      | Reached XP level 11. HP: 71/92 MP: 11/11
  9849 | D:9      | Noticed Maurice
  9860 | D:9      | Killed Maurice
  9860 | D:9      | Reached ***** piety under Okawaru
 10285 | D:9      | XOM: give mutations
 10285 | D:9      | Gained mutation: You possess an exceptional clarity of
                  | mind. [Xom's mischief]
 10285 | D:9      | Gained mutation: You occasionally shout uncontrollably at
                  | your foes. [Xom's mischief]
 10285 | D:9      | Gained mutation: You are agile. (Dex +2) [Xom's mischief]
 10285 | D:9      | Gained mutation: You are dopey. (Int -2) [Xom's mischief]
 10349 | D:9      | XOM: give mutation
 10349 | D:9      | Lost mutation: You are dopey. (Int -2) [Xom's mischief]
 10350 | D:10     | Entered Level 10 of the Dungeon
 10452 | D:10     | Noticed a two-headed ogre
 10470 | D:10     | Killed a two-headed ogre
 10597 | D:10     | XOM: 3-stop teleportation journey
 10860 | D:10     | Noticed a two-headed ogre
 10867 | D:10     | Killed a two-headed ogre
 11322 | D:11     | Noticed a deep elf pyromancer
 11362 | D:11     | Noticed a brown ugly thing
 11366 | D:11     | Killed a brown ugly thing
 11368 | D:11     | Noticed a death knight
 11369 | D:11     | Noticed a boulder beetle
 11371 | D:11     | Noticed a death knight
 11374 | D:11     | Noticed a skeletal warrior
 11374 | D:11     | Noticed a skeletal warrior
 11406 | D:11     | Identified the +3 mace of Eburro {freeze, Fragile rElec
                  | Int+8 Dex+2}
 11443 | D:11     | Killed a deep elf pyromancer
 11447 | D:11     | Slain by a skeletal warrior

Illustrated notes

Levels and vault maps discovered:
D:1:      saegor_arrival_simple_d, layout_rooms,
          shapermc_ecumenical_altar_starsandcircs
D:2:      layout_rooms, serial_shops, shop
D:3:      layout_basic, serial_shops, shop_statue
D:4:      layout_basic
D:5:      layout_loops_ring, minmay_manual_monstrance
D:6:      layout_layer_cave, kennysheep_little_box, uniq_menkaure
D:7:      layout_rooms, minmay_temple_entry_grid, minmay_liquid_box,
          kennysheep_flooded_box, item_on_display_a
D:8:      layout_cave_pools, david_lair_shrubbed, serial_shops,
          kennysheep_mini_moat, nicolae_shop_statue_plus, shop,
          nicolae_shop_statue_plus, chequers_serial_rivers_micro_a,
          hangedman_abyss_or_decor_jellyfish_corner,
          chequers_serial_rivers_micro_e, dk_vineyard_2
D:9:      layout_roguey [special_room_orc], enter_bailey_3, uniq_maurice
D:10:     layout_basic
D:11:     hangedman_cross_cluster, layout_loops_ring, uniq_harold

Skill      XL: |  1  2  3  4  5  6  7  8  9 10 11 |
---------------+----------------------------------+-----
Axes           | 3 |  3.3
Unarmed Combat | 1 2 3 5 6 7 9 10 11 12 | 12.9
Fighting       | 4 6 9 10 12 | 12.0
Armour         | 3 |  3.6
Dodging        | |  0.8

Action                   |  1- 3 |  4- 6 |  7- 9 | 10-12 || total
-------------------------+-------+-------+-------+-------++-------
Melee: Hand axe          |   116 |       |       |       ||   116
       Unarmed           |       |    84 |   202 |   242 ||   528
       Punch             |       |     3 |     8 |    22 ||    33
  Use: Scroll            |     5 |     5 |     3 |     3 ||    16
       Potion            |       |     1 |     1 |     6 ||     8
 Stab: Paralysed         |     4 |       |       |       ||     4
       Sleeping          |     3 |       |       |     1 ||     4
       Distracted        |       |       |     1 |     1 ||     2
       Confused          |       |       |     1 |       ||     1
Armor: Leather armour    |    33 |     1 |       |       ||    34
       Ring mail         |       |    40 |    72 |    58 ||   170
       Skin              |       |       |     3 |     1 ||     4
Dodge: Dodged            |    71 |    26 |   109 |   111 ||   317
Block: Other             |       |       |     3 |    39 ||    42
       Reflection        |       |       |       |     2 ||     2

Table legend: (Time is in decaauts)
 A = Elapsed time spent in this place.
 B = Non-inter-level travel time spent in this place.
 C = Inter-level travel time spent in this place.
 D = Time resting spent in this place.
 E = Time spent auto-exploring this place.
 F = Levels seen in this place.
 G = Mean time per level.
                   A        B        C        D        E       F      G
               +--------+--------+--------+--------+--------+-----+--------+
         Total |  11392 |  11087 |    305 |   2670 |   6662 |  12 |  949.3 |
       Dungeon |  11001 |  10696 |    305 |   2339 |   6652 |  11 | 1000.1 |
        Bailey |    390 |    390 |      0 |    331 |     10 |   1 |  390.0 |
               +--------+--------+--------+--------+--------+-----+--------+

Top non-repeatable levels by time:
     D:6: 2119 daAuts
     D:8: 1538 daAuts
     D:9: 1379 daAuts
     D:5: 1087 daAuts
     D:2: 962 daAuts
    D:10: 954 daAuts
     D:3: 783 daAuts
     D:7: 768 daAuts
     D:4: 681 daAuts
     D:1: 597 daAuts
  Bailey: 390 daAuts
    D:11: 129 daAuts
